 Dungeon Crawl Stone Soup version 0.32-a0-791-gfc315c9ecd (webtiles) character file.

Game seed: 17519721022540949539

536 cforsyth the Firebug (level 7, -1/54 (60) HPs)
             Began as a Mountain Dwarf Cinder Acolyte on Mar 20, 2024.
             Was a High Priest of Ignis.
             Slain by a wight
             ... wielding a +0 long sword
              (12 damage)
             ... on level 5 of the Dungeon.
             The game lasted 00:03:53 (3945 turns).

cforsyth the Firebug (MDCA)                         Turns: 3945, Time: 00:03:54

HP:   -1/54 (60)    AC:  7    Str: 19    XL:     7   Next: 4%
MP:   1/11          EV:  8    Int: 19    God:    Ignis [*****.]
Gold: 231           SH:  0    Dex:  5    Spells: 9/11 levels left

rFire   + . .        a - -1 hand axe (flame)
rCold   . . .        (no shield)
rNeg    . . .        e - +1 scale mail "Baroon" {Will+ Int+5}
rPois   .            (no helmet)
rElec   .            (no cloak)
rCorr   .            (no gloves)
SInv    .            (no boots)
Will    +....        (no amulet) Stlth
                     (no ring)
HPRegen 0.29/turn    (no ring)
MPRegen 0.12/turn

%: no passive effects
@: heavily drained
A: runic magic, artefact enchanting
a: Renounce Religion, Fiery Armour, Foxfire Swarm, Rising Flame


You were on level 5 of the Dungeon.
You worshipped Ignis.
Ignis was extremely pleased with you.
You visited 2 branches of the dungeon, and saw 6 of its levels.

You collected 231 gold pieces.


Innate Abilities, Weirdness & Mutations

Your spellcasting is much less encumbered by armour.
You can use scrolls of enchantment on lesser artefacts.


   Skills:
 + Level 4.9 Fighting
 + Level 5.3 Axes
 + Level 3.4 Armour
 + Level 2.7 Spellcasting
 + Level 5.4 Fire Magic


You had 9 spell levels left.
You knew the following spells:

 Your Spells              Type           Power      Damage    Failure   Level
X - Scorch                Fire           46%        2d6       3%          2

Your spell library contained the following spells:

 Spells                   Type           Power      Damage    Failure   Level
 Kiss of Death            Conj/Necr      8%         2d6       21%         1
 Cigotuvi's Dreadful Rot  Necr/Alch/Air  4%         N/A       30%         2
 Confusing Touch          Hex            2%         N/A       52%         3
 Ignite Poison            Fire/Alch      12%        N/A       54%         4
 Dispel Undead            Necr           2%         3d7       89%         4
 Freezing Cloud           Conj/Ice/Air   1%         6-21      99%         5
 Chain Lightning          Conj/Air       1%         3d1       100%        9
 Fire Storm               Conj/Fire      6%         8d2       100%        9
 Shatter                  Erth           1%         3d5*      100%        9

Inventory:

Hand Weapons
 a - a -1 hand axe of flaming (weapon)
Armour
 e - the +1 scale mail "Baroon" (worn) {Will+ Int+5}
   (You found it on level 3 of the Dungeon)

   Int+5:     It affects your intelligence (+5).
   Will+:     It increases your willpower.
 i - a +0 crystal plate armour
Scrolls
 c - 4 scrolls of teleportation {unknown}
 d - 4 scrolls of amnesia {unknown}
 g - 2 scrolls of poison {unknown}
 h - 3 scrolls of identify {unknown}
 l - a scroll of fear {unknown}
Potions
 b - a potion of degeneration {unknown}
 f - a potion of haste {unknown}
 j - a potion of brilliance {unknown}
 k - 4 potions of curing {unknown}
 m - a potion of enlightenment {unknown}
 n - 2 potions of might {unknown}

Dungeon Overview and Level Annotations

Branches:
Dungeon (5/15)             Temple (1/1) D:5

Altars:
Ashenzari
Elyvilon
Gozag
Kikubaaqudgha
Makhleb
Okawaru
Sif Muna
Trog
Yredelemnul
Zin
The Shining One

#...............#
###.##.#.......##
##...####.....#..#
#....#
#.....###..#
#...## #..<..# .##
#....##......# .#
##..............##
####.............#
#..@........###.##
#....zz........ .#
#.............. .#
#...?..#......#
##...........#
#............
#.....#......
###...#.....


You could see 2 wights.


Message History

The wight hits you with a +0 scimitar! The wight barely misses you.
You hit the wight but do no damage. You barely miss the wight.
The wight hits you with a +0 scimitar!
You feel drained. The wight hits you but does no damage.
You hit the wight. You burn the wight.
The wight is heavily damaged.
You hit the wight but do no damage. The wight hits you with a +0 scimitar!
You feel drained.
* * * LOW HITPOINT WARNING * * *
The wight barely misses you.
You hit the wight but do no damage.
The wight is lightly damaged.
You barely miss the wight. The wight closely misses you.
The wight barely misses you.
Unknown command.
You closely miss the wight.
The wight is heavily damaged.
You hit the wight but do no damage. The wight hits you with a +0 scimitar!
* * * LOW HITPOINT WARNING * * *
The wight hits you with a +0 long sword.
* * * LOW HITPOINT WARNING * * *
You feel drained.
Casting: Scorch (safe; 3% risk of failure)
Confirm with . or Enter, or press ? or * to list all spells.
Flames lash the wight.
The wight is heavily damaged.
The wight's fire resistance burns away.
The wight barely misses you.
The wight hits you with a +0 long sword!
You die...
Ignis goes out, and joins you in death.

Skill      XL: |  1  2  3  4  5 |
---------------+----------------+-----
Armour         | 1 2 3 |  3.4
Axes           | 4 5 |  5.3
Fire Magic     | 4 5 |  5.4
Fighting       | 4 |  4.9
Spellcasting   | 2 |  2.7

Action                     |  1- 3 |  4- 6 |  7- 9 || total
---------------------------+-------+-------+-------++-------
  Melee: Hand axe          |   140 |    91 |     5 ||   236
   Cast: Scorch            |     4 |    28 |     1 ||    33
 Armour: Plate armour      |   112 |       |       ||   112
         Robe              |     7 |       |       ||     7
         Crystal plate arm |    12 |    35 |       ||    47
         Scale mail        |       |    57 |     7 ||    64
  Dodge: Dodged            |    26 |    17 |     5 ||    48

Levels and vault maps discovered:
D:1:      ncdulo_halloftheorcs, layout_basic, serial_rivers,
          chequers_serial_rivers_room_a, chequers_serial_rivers_large_a,
          chequers_serial_rivers_small_b, chequers_serial_rivers_micro_a,
          chequers_serial_rivers_small_a
D:2:      minmay_roachtagon, layout_loops_ring, chequers_ecumenical_altar_grove
D:3:      layout_basic, kiku_gazebo_pond_becter
D:4:      layout_rooms, lightli_temple_of_fire, serial_glass, glass_columns_b,
          glass_columns_b
D:5:      layout_cave_pools, nicolae_ru_path_of_blood, grunt_dithmenos_smoke,
          minmay_temple_entry_sparse_star, uniq_grinder
Temple:   hellmonk_temple_rainy

Notes
Turn   | Place    | Note
-------+----------+-------------------------------------------
     0 | D:1      | cforsyth the Mountain Dwarf Cinder Acolyte began the quest
                  | for the Orb.
     0 | D:1      | Reached XP level 1. HP: 19/19 MP: 2/2
   356 | D:1      | Reached XP level 2. HP: 25/26 MP: 3/3
   359 | D:1      | Learned a level 2 spell: Scorch
  1185 | D:2      | Reached skill level 1 in Armour
  1240 | D:2      | Reached skill level 4 in Axes
  1240 | D:2      | Reached skill level 4 in Fire Magic
  1240 | D:2      | Reached XP level 3. HP: 31/31 MP: 3/5
  1613 | D:2      | Found a faded altar of an unknown god.
  1798 | D:3      | Identified a +0 crystal plate armour
  2004 | D:3      | Reached XP level 4. HP: 40/40 MP: 6/6
  2140 | D:3      | Found an ancient bone altar of Kikubaaqudgha.
  2153 | D:3      | Identified the +1 scale mail "Baroon" {Will+ Int+5}
  2585 | D:3      | Reached skill level 4 in Fighting
  2585 | D:3      | Reached skill level 2 in Armour
  2912 | D:4      | Noticed a scorpion
  2921 | D:4      | Killed a scorpion
  2922 | D:4      | Reached skill level 2 in Spellcasting
  2922 | D:4      | Reached XP level 5. HP: 27/46 MP: 0/8
  3365 | D:4      | Found a burning altar of Makhleb.
  3506 | D:5      | Entered Level 5 of the Dungeon
  3517 | D:5      | Noticed Grinder
  3517 | D:5      | Paralysed by Grinder for 3 turns
  3535 | D:5      | Killed Grinder
  3536 | D:5      | Reached skill level 5 in Axes
  3536 | D:5      | Reached skill level 3 in Armour
  3536 | D:5      | Reached skill level 5 in Fire Magic
  3536 | D:5      | Reached XP level 6. HP: 40/53 MP: 0/9
  3671 | D:5      | Found a staircase to the Ecumenical Temple.
  3781 | Temple   | Entered the Ecumenical Temple
  3940 | D:5      | Reached XP level 7. HP: 60/60 MP: 2/11
  3945 | D:5      | Slain by a wight

Vanquished Creatures
  Grinder (D:5)
  A scorpion (D:4)
  A wight (D:5)
  A hound (D:5)
  An iguana (D:4)
  An orc wizard (D:3)
  3 gnolls (D:5)
  5 adders
  A dart slug (D:2)
  3 orcs
  3 bats
  10 endoplasms
  12 giant cockroaches
  5 goblins
  5 hobgoblins
  3 jackals (D:3)
  A kobold (D:3)
  3 quokkas
  2 ball pythons
  5 frilled lizards
  6 rats
73 creatures vanquished.

Table legend: (Time is in decaauts)
 A = Elapsed time spent in this place.
 B = Non-inter-level travel time spent in this place.
 C = Inter-level travel time spent in this place.
 D = Time resting spent in this place.
 E = Time spent auto-exploring this place.
 F = Levels seen in this place.
 G = Mean time per level.
                   A        B        C        D        E       F      G
               +--------+--------+--------+--------+--------+-----+--------+
         Total |   3977 |   3781 |    196 |     41 |   3113 |   6 |  662.8 |
       Dungeon |   3934 |   3738 |    196 |      0 |   3113 |   5 |  786.8 |
        Temple |     42 |     42 |      0 |     41 |      0 |   1 |   42.0 |
               +--------+--------+--------+--------+--------+-----+--------+

Top non-repeatable levels by time:
     D:3: 1107 daAuts
     D:1: 1072 daAuts
     D:2: 692 daAuts
     D:4: 666 daAuts
     D:5: 396 daAuts
  Temple: 42 daAuts

Table legend:
 A = Non-vault XP
 B = Vault XP
 C = Vault XP percentage of total XP
 D = Non-vault monster count
 E = Vault monster count
 F = Vault count percentage of total count
                 A         B        C        D         E       F
            +---------+---------+-------+---------+---------+-------
      Total |     461 |     306 |  39.9 |      62 |      11 |  15.1
            +---------+---------+-------+---------+---------+-------
        D:1 |      25 |       0 |   0.0 |      16 |       0 |   0.0
        D:2 |      40 |      20 |  33.3 |       9 |      10 |  52.6
        D:3 |      90 |       0 |   0.0 |      24 |       0 |   0.0
        D:4 |     136 |       0 |   0.0 |       7 |       0 |   0.0
        D:5 |     170 |     286 |  62.7 |       6 |       1 |  14.3
            +---------+---------+-------+---------+---------+-------
